 Dungeon Crawl Stone Soup version 0.20.1-1-g8b1a95d (webtiles) character file.

12525 torrenera the Fighter (level 11, -5/73 HPs)
             Began as a Gargoyle Earth Elementalist on Sept 14, 2017.
             Was a Believer of Vehumet.
             Splashed by Erica's acid (12 damage)
             ... on level 10 of the Dungeon.
             The game lasted 00:33:58 (14076 turns).

torrenera the Fighter (GrEE)                       Turns: 14076, Time: 00:33:59

Health: -5/73      AC:  7    Str: 12    XL:     11   Next: 94%
Magic:  11/22      EV: 16    Int: 19    God:    Vehumet [**....]
Gold:   698        SH:  0    Dex: 10    Spells: 4/25 levels left

rFire    . . .     SeeInvis .   Q - +7 spear (venom)
rCold    . . .     Gourm    +   (no shield)
rNeg     + . .     Faith    .   c - +0 robe
rPois    ∞         Spirit   .   L - +0 helmet
rElec    +         Reflect  .   (no cloak)
rCorr    .         Harm     .   x - +0 pair of gloves
MR       .....                  (no boots)
Stlth    ++........             l - amulet of the gourmand
Regen    0.3/turn               (no ring)
MPRegen  0.2/turn               (no ring)

@: corroded
A: negative energy resistance 1, electricity resistance, unbreathing,
petrification resistance, rot immunity, AC +7
a: Renounce Religion


You were on level 10 of the Dungeon.
You worshipped Vehumet.
Vehumet was pleased with you.
You were very full.

You visited 2 branches of the dungeon, and saw 11 of its levels.

You collected 698 gold pieces.

Inventory:

Hand Weapons
 B - a +3 short sword of speed
 Q - a +7 spear of venom (weapon)
 R - a +0 arbalest
Missiles
 b - 157 stones (quivered)
 o - 50 poisoned needles
 I - 7 exploding tomahawks
Armour
 c - a +0 robe (worn)
 n - a +0 buckler
 w - a +1 ring mail of cold resistance
 x - a +0 pair of gloves (worn)
 L - a +0 helmet (worn)
Jewellery
 l - an amulet of the gourmand (around neck)
 T - a cursed amulet of inaccuracy {unknown}
Wands
 J - a wand of disintegration (4/24)
 N - a wand of flame (14/48)
Scrolls
 f - a scroll of random uselessness {unknown}
 g - a scroll of noise
 k - 2 scrolls of blinking {unknown}
 m - 5 scrolls of remove curse
 p - a scroll of immolation {unknown}
 r - 6 scrolls of teleportation
 t - 5 scrolls of enchant weapon
 u - 2 scrolls of amnesia
 D - a scroll of fear {unknown}
 E - 2 scrolls of magic mapping
 M - a scroll of fog {unknown}
 P - a scroll of enchant armour {unknown}
Potions
 a - 3 potions of flight
 h - a potion of berserk rage
 i - a potion of degeneration {unknown}
 j - 10 potions of curing
 q - 6 potions of heal wounds
 s - a potion of invisibility {unknown}
 z - 3 potions of lignification
 C - a potion of haste {unknown}
 H - 3 potions of mutation
 S - a potion of brilliance {unknown}
Books
 e - a book of Geomancy

   Spells                             Type                      Level
   a - Sandblast                      Earth                        1
   b - Passwall                       Transmutation/Earth          2
   c - Stone Arrow                    Conjuration/Earth            3
   d - Petrify                        Transmutation/Earth          4
   e - Lee's Rapid Deconstruction     Earth                        5
 y - a book of Misfortune

   Spells                             Type                      Level
   a - Confusing Touch                Hexes                        1
   b - Confuse                        Hexes                        3
   c - Gell's Gravitas                Translocation                3
   d - Petrify                        Transmutation/Earth          4
   e - Metabolic Englaciation         Hexes/Ice                    5
   f - Yara's Violent Unravelling     Hexes/Transmutation          5
 F - a book of Debilitation

   Spells                             Type                      Level
   a - Corona                         Hexes                        1
   b - Slow                           Hexes                        2
   c - Inner Flame                    Hexes/Fire                   3
   d - Portal Projectile              Hexes/Translocation          3
   e - Cause Fear                     Hexes                        4
   f - Leda's Liquefaction            Hexes/Earth                  4
 K - a book of Air

   Spells                             Type                      Level
   a - Shock                          Conjuration/Air              1
   b - Swiftness                      Charms/Air                   2
   c - Static Discharge               Conjuration/Air              3
   d - Airstrike                      Air                          4
   e - Lightning Bolt                 Conjuration/Air              5
Comestibles
 d - 9 bread rations
 v - 11 fruits
 A - 6 royal jellies
 G - 6 meat rations
 O - 5 chunks of flesh


   Skills:
 - Level 10.7 Fighting
 + Level 9.7 Dodging
 - Level 2.1 Stealth
 - Level 7.8 Spellcasting
 - Level 0.7 Transmutations
 - Level 10.0 Earth Magic


You had 4 spell levels left.
You knew the following spells:

 Your Spells              Type           Power        Failure   Level  Hunger
a - Sandblast             Erth           #####.       1%          1    None
b - Passwall              Tmut/Erth      ####......   1%          2    None
c - Stone Arrow           Conj/Erth      ####..       3%          3    #......
d - Petrify               Tmut/Erth      ####....     10%         4    ###....
e - Lee's Rapid Deconstr  Erth           #####.....   4%          5    #####..
f - Leda's Liquefaction   Hex/Erth       ####......   12%         4    ###....
g - Swiftness             Chrm/Air       #.......     14%         2    None


Dungeon Overview and Level Annotations

Branches:
Dungeon (10/15)            Temple (1/1) D:7
   Lair: D:8-11         Orc: D:9-12

Altars:
Ashenzari
Cheibriados
Dithmenos
Elyvilon
Fedhas
Gozag
Hepliaklqana
Kikubaaqudgha
Makhleb
Nemelex Xobeh
Okawaru
Qazlal
Ru
Sif Muna
Trog
Uskayaw
Vehumet
Xom
Yredelemnul
Zin
The Shining One

Annotations:
D:10 Erica


Innate Abilities, Weirdness & Mutations

You are resistant to torment.
Your stone body is resilient. (AC +7)
You are immune to poison.
You resist negative energy. (rN+)
You are resistant to electric shocks. (rElec)
You can survive without breathing.
You are immune to petrification.
You are immune to rotting.


Message History

Casting: Sandblast
Confirm with . or Enter, or press ? or * to list all spells.
Aiming: Sandblast
Press: ? - help, Shift-Dir - straight line, f/p - Erica
Aim: Erica, wielding a scimitar of flaming, wearing a robe and carrying a wand of acid (?/15) {zapped: 1} The blast of sand hits Erica.
Erica is lightly wounded.
b - 158 stones
Casting: Sandblast
Confirm with . or Enter, or press ? or * to list all spells.
Aiming: Sandblast
Press: ? - help, Shift-Dir - straight line, f/p - Erica
Aim: Erica, wielding a scimitar of flaming, wearing a robe and carrying a wand of acid (?/15) {zapped: 1} (lightly wounded)
The blast of sand hits Erica.
Erica is moderately wounded.
b - 157 stones Erica zaps a wand.
The bolt of acid hits you!
* * * LOW HITPOINT WARNING * * *
You are splashed with acid!
The acid burns!
You die...

.....#....>#......+..#
.....#.....#......#..#
.....#.....#......+..# ......#
.....#.....#......#..# ......#
.....#.....########..###.....##
.....#............<....#......#
.....#.................#.[....#
.....#'#################......#.
................@†@...........'z
..########..#'####............###
..#......#..#....#.##'#####......
..'......#..#....#t#......#......
..#......#..#....#.#......#......
..#......#..#....#.#......#......
..#......#..######@########......
..#......#...........t††@........
..#......#........######.........


You could see Erica.

Vanquished Creatures
  4 two-headed ogres
  The ghost of Chisa the Quickloader, a novice DsHu of Okawaru (D:8)
  The ghost of Chisa the Changer, a novice DrTm of Cheibriados (D:5)
  Joseph (D:9)
  Prince Ribbit (D:8)
  A troll (D:9)
  3 hippogriffs
  11 yaks
  Sigmund (D:7)
  Grum (D:8)
  A steam dragon (D:7)
  Edmund (D:7)
  An acid dragon (D:9)
  A water moccasin (D:8)
  A porcupine (D:10)
  An orc warrior (D:6)
  4 ice beasts
  3 black bears
  2 phantoms (D:10)
  8 ogres
  3 wolves (D:8)
  2 centaurs (D:8)
  3 crocodiles (D:10)
  A gnoll sergeant (D:7)
  2 bullfrogs
  2 scorpions
  14 killer bees
  3 howler monkeys
  5 crimson imps
  4 jellies
  3 centaur zombies
  10 orc priests
  6 orc wizards
  2 bullfrog skeletons
  5 hounds
  A gnoll shaman (D:5)
  An iguana (D:9)
  6 worker ants
  A hound zombie (D:9)
  2 hound skeletons (D:6)
  A howler monkey zombie (D:8)
  A worker ant zombie (D:6)
  Robin (D:3)
  10 adders
  14 gnolls
  A shadow imp (D:6)
  2 white imps (D:8)
  An adder skeleton (D:5)
  An adder zombie (D:9)
  2 worms (D:2)
  3 dart slugs
  7 leopard geckos
  30 orcs
  11 bats
  8 giant cockroaches
  16 goblins
  10 hobgoblins
  8 jackals
  2 quokkas
  2 ball pythons
  6 frilled lizards
  12 kobolds
  A quokka skeleton (D:4)
  A quokka zombie (D:8)
  8 rats
283 creatures vanquished.

Vanquished Creatures (others)
  A bush (D:10)
  5 fungi (D:10)
  14 plants (D:10)
20 creatures vanquished.

Grand Total: 303 creatures vanquished

Notes
Turn   | Place    | Note
-------+----------+-------------------------------------------
     0 | D:1      | torrenera the Gargoyle Earth Elementalist began the quest for the Orb.
     0 | D:1      | Reached XP level 1. HP: 10/10 MP: 3/3
   440 | D:1      | Reached XP level 2. HP: 15/15 MP: 3/5
   951 | D:1      | Reached XP level 3. HP: 15/19 MP: 6/6
  1621 | D:2      | Reached skill level 5 in Earth Magic
  1679 | D:2      | Reached XP level 4. HP: 24/24 MP: 5/8
  2324 | D:2      | Learned a level 2 spell: Passwall
  2329 | D:2      | Learned a level 4 spell: Petrify
  2442 | D:3      | Reached XP level 5. HP: 25/28 MP: 4/10
  2502 | D:3      | Noticed Robin
  2861 | D:3      | Reached XP level 6. HP: 32/32 MP: 7/12
  3094 | D:3      | Killed Robin
  4396 | D:4      | Learned a level 3 spell: Stone Arrow
  4429 | D:4      | Reached skill level 5 in Spellcasting
  4429 | D:4      | Reached XP level 7. HP: 18/36 MP: 10/14
  4936 | D:4      | Found a hazy altar of Hepliaklqana.
  5023 | D:4      | Learned a level 5 spell: Lee's Rapid Deconstruction
  5622 | D:5      | Entered Level 5 of the Dungeon
  5786 | D:5      | Noticed Chisa's ghost (novice DrTm)
  5801 | D:5      | Killed Chisa's ghost
  5801 | D:5      | Reached XP level 8. HP: 22/41 MP: 2/17
  6784 | D:6      | Found a bloodstained altar of Trog.
  7260 | D:6      | Reached XP level 9. HP: 30/45 MP: 10/20
  7536 | D:6      | Reached skill level 10 in Earth Magic
  7589 | D:6      | Reached skill level 1 in Fighting
  8058 | D:7      | Found a staircase to the Ecumenical Temple.
  8085 | Temple   | Entered the Ecumenical Temple
  8174 | Temple   | Became a worshipper of Vehumet
  8286 | D:7      | Found an iron altar of Okawaru.
  8294 | D:7      | Found a bloodstained altar of Trog.
  8298 | D:7      | Noticed Joseph
  8298 | D:7      | Found an ancient bone altar of Kikubaaqudgha.
  8302 | D:7      | Noticed Prince Ribbit
  8489 | D:8      | Reached skill level 5 in Fighting
  8515 | D:8      | Noticed Grum
  8522 | D:8      | Killed Grum
  8682 | D:8      | Noticed a two-headed ogre
  8690 | D:8      | Killed a two-headed ogre
  8690 | D:8      | Reached XP level 10. HP: 54/66 MP: 16/21
  8838 | D:8      | Reached * piety under Vehumet
  8838 | D:8      | Offered knowledge of Freeze by Vehumet.
  8903 | D:8      | Noticed a two-headed ogre
  8926 | D:8      | Killed a two-headed ogre
  8926 | D:8      | Reached skill level 10 in Fighting
  9247 | D:8      | Found a burning altar of Makhleb.
  9247 | D:8      | Found a glowing golden altar of the Shining One.
  9248 | D:8      | Found a white marble altar of Elyvilon.
  9567 | D:8      | Noticed Chisa's ghost (novice DsHu)
  9581 | D:8      | Killed Chisa's ghost
  9821 | D:8      | Killed Prince Ribbit
 10092 | D:7      | Found a shimmering altar of Xom.
 10093 | D:7      | Found an opulent altar of Gozag.
 10304 | D:7      | Found a shattered altar of Ashenzari.
 10305 | D:7      | Found a shadowy altar of Dithmenos.
 10400 | D:7      | Noticed Sigmund
 10403 | D:7      | Noticed Edmund
 10409 | D:7      | Killed Sigmund
 10409 | D:7      | Reached skill level 5 in Dodging
 10417 | D:7      | Killed Edmund
 10457 | D:7      | Learned a level 4 spell: Leda's Liquefaction
 10940 | D:7      | Reached XP level 11. HP: 67/73 MP: 9/22
 11715 | D:9      | Learned a level 2 spell: Swiftness
 11894 | D:9      | Offered knowledge of Magic Dart by Vehumet.
 11988 | D:9      | Killed Joseph
 12046 | D:9      | Reached ** piety under Vehumet
 12271 | D:9      | Noticed a two-headed ogre
 12279 | D:9      | Killed a two-headed ogre
 13486 | D:10     | Entered Level 10 of the Dungeon
 13841 | D:10     | Noticed a two-headed ogre
 13978 | D:10     | Killed a two-headed ogre
 13978 | D:10     | Offered knowledge of Throw Frost by Vehumet.
 14047 | D:10     | Noticed Erica
 14076 | D:10     | Splashed by Erica's acid

Skill      XL: |  1  2  3  4  5  6  7  8  9 10 11 |
---------------+----------------------------------+-----
Earth Magic    | 4 5 6 7 8 9 10 | 10.0
Spellcasting   | 3 4 5 6 7 |  7.8
Fighting       | 9 10 | 10.7
Dodging        | 5 9 |  9.7
Stealth        | |  2.1
Transmutations | |  0.7

Action                   |  1- 3 |  4- 6 |  7- 9 | 10-12 || total
-------------------------+-------+-------+-------+-------++-------
Melee: Unarmed           |    49 |       |       |       ||    49
       Short sword       |   102 |   157 |   237 |    45 ||   541
       Dagger            |       |    46 |       |       ||    46
       Spear             |       |       |       |   187 ||   187
 Cast: Sandblast         |    21 |    61 |    55 |    65 ||   202
       Petrify           |       |     2 |     1 |     5 ||     8
       Stone Arrow       |       |       |    32 |    43 ||    75
       Lee's Rapid Decon |       |       |     9 |    15 ||    24
       Leda's Liquefacti |       |       |       |     1 ||     1
  Use: Scroll            |       |       |     9 |     5 ||    14
       Potion            |       |       |     1 |       ||     1
 Stab: Sleeping          |     2 |     2 |       |     1 ||     5
       Distracted        |       |     1 |       |       ||     1
       Petrified         |       |     1 |       |       ||     1
  Eat: Chunk             |     3 |    10 |    13 |    30 ||    56
       Fruit             |       |       |     3 |       ||     3
Armor: Robe              |    62 |   117 |    69 |    85 ||   333
Dodge: Dodged            |   126 |   222 |   148 |   173 ||   669
